 Dungeon Crawl Stone Soup version 0.23-a0-451-g1044d4cbad (webtiles) character file.

34 Esekla the Grave Robber (level 3, -5/31 HPs)
             Began as a Gnoll Wanderer on Nov 22, 2018.
             Slain by a worm (8 damage)
             ... on level 2 of the Dungeon.
             The game lasted 00:11:51 (933 turns).

Esekla the Grave Robber (Gnoll Wanderer)             Turns: 933, Time: 00:11:52

Health: -5/31      AC:  3    Str: 13    XL:     3   Next: 31%
Magic:  8/9        EV: 11    Int: 16    God:
Gold:   19         SH:  0    Dex: 14    Spells: 6/12 levels left

rFire    . . .     SeeInvis .   e - +0 dagger
rCold    . . .     Gourm    .   (no shield)
rNeg     . . .     Faith    .   d - +0 robe
rPois    .         Spirit   .   (no helmet)
rElec    .         Reflect  .   h - +0 cloak
rCorr    .         Harm     .   (no gloves)
MR       .....                  (no boots)
Stlth    ++........             (no amulet)
HPRegen  0.10/turn              (no ring)
MPRegen  0.11/turn              (no ring)

@: no status effects
A: distributed training, fangs 1, strong nose
a: no special abilities


You were on level 2 of the Dungeon.
You were not hungry.

You visited 1 branch of the dungeon, and saw 2 of its levels.

You collected 19 gold pieces.

Inventory:

Hand Weapons
 e - a +0 dagger (weapon)
Missiles
 a - 6 tomahawks (quivered)
Armour
 d - a +0 robe (worn)
 h - a +0 cloak (worn)
Jewellery
 i - a +2 ring of evasion {unknown}
Scrolls
 b - 3 scrolls of magic mapping {unknown}
 g - a scroll of fog {unknown}
Potions
 c - a potion of curing
Comestibles
 f - a ration


   Skills:
 + Level 4.5 Fighting
 + Level 0.7 Short Blades
 + Level 0.7 Long Blades
 + Level 2.6 Axes
 + Level 0.7 Maces & Flails
 + Level 0.7 Polearms
 + Level 0.7 Staves
 + Level 0.7 Slings
 + Level 0.7 Bows
 + Level 0.7 Crossbows
 + Level 0.7 Throwing
 + Level 0.7 Armour
 + Level 0.7 Dodging
 + Level 2.3 Stealth
 + Level 2.6 Shields
 + Level 0.7 Unarmed Combat
 + Level 5.0 Spellcasting
 + Level 0.5 Conjurations
 + Level 0.5 Hexes
 + Level 0.5 Charms
 + Level 0.5 Summonings
 + Level 5.4 Necromancy
 + Level 0.5 Translocations
 + Level 0.5 Transmutations
 + Level 0.5 Fire Magic
 + Level 0.5 Ice Magic
 + Level 0.5 Air Magic
 + Level 0.5 Earth Magic
 + Level 0.5 Poison Magic
 + Level 0.9 Invocations
 + Level 0.7 Evocations


You had 6 spell levels left.
You knew the following spells:

 Your Spells              Type           Power        Failure   Level  Hunger
a - Magic Dart            Conj           #...         12%         1    None
b - Blink                 Tloc           N/A          19%         2    #......
c - Mephitic Cloud        Conj/Pois/Air  #.......     36%         3    ###....

Your spell library contained the following spells:

 Spells                   Type           Power        Failure   Level  Hunger
 Sandblast                Erth           #.....       12%         1    None
 Call Imp                 Summ           #.......     19%         2    #......
 Slow                     Hex            #.......     19%         2    #......
 Conjure Flame            Conj/Fire      #.......     36%         3    ###....
 Stone Arrow              Conj/Erth      #.....       36%         3    ###....


Dungeon Overview and Level Annotations

Branches:
Dungeon (2/15)

Altars:
Gozag

Annotations:
D:2 Jessica, Terence


Innate Abilities, Weirdness & Mutations

Your experience applies equally to all skills.
You have very sharp teeth.
Your uncanny sense of smell can sniff out nearby items.


Message History

The bat barely misses you. The bat misses you. x2
The bat closely misses you. The bat barely misses you.
The bat hits you but does no damage. The bat barely misses you.
The bat closely misses you. The bat barely misses you.
The bat hits you but does no damage. x2
The bat misses you. The bat hits you but does no damage.
Found a scroll labeled QASUIG FEUSE.
The bat closely misses you. The bat hits you but does no damage.
The bat barely misses you. x2
Your magical contamination has completely faded away.
The bat closely misses you. The bat hits you but does no damage.
The bat hits you but does no damage. The bat barely misses you. x2
The bat hits you.
* * * LOW HITPOINT WARNING * * *
The worm bites you!
You die...

.....###.....###.#.#.# #.###
.....................#.# #.#..
.....................#.#.#.#.###
@........................#.#.#..
.....######..............#.#.#.#
.###########.............#...#.#
.........@.r.............#<..#.#
.###########...bbw..#......#.#.#
.# ∆ ∆ #..S.@#......##.#.#.# .#
#.###.#.#....<......# .#
#.#.....#.....#.#.#### .#
#.#.#.#.......#.#..... .#
#.#.#...#.#.#.#.###### .
#.#.#.#.....#.#.......
#.#...................
#..##.##..............
#.....................


You could see Terence, a worm, an adder, 2 bats and a rat.

Vanquished Creatures
  An adder (D:2)
  A leopard gecko (D:2)
  4 goblins
  A hobgoblin (D:1)
  A bat (D:1)
  3 frilled lizards (D:1)
  9 kobolds
  6 rats
26 creatures vanquished.

Notes
Turn   | Place    | Note
-------+----------+-------------------------------------------
     0 | D:1      | Esekla the Gnoll Wanderer began the quest for the Orb.
     0 | D:1      | Esekla set off with the following items: a potion of
                  | curing, a +0 robe, a +0 dagger, a ration; and the following
                  | spells available to memorise: Magic Dart, Sandblast, Blink,
                  | Call Imp, Slow, Conjure Flame, Mephitic Cloud, Stone Arrow
     0 | D:1      | Reached XP level 1. HP: 20/20 MP: 6/6
    27 | D:1      | Learned a level 1 spell: Magic Dart
   293 | D:1      | Reached XP level 2. HP: 18/26 MP: 1/7
   466 | D:1      | Learned a level 2 spell: Blink
   824 | D:2      | Reached XP level 3. HP: 27/31 MP: 5/9
   829 | D:2      | Learned a level 3 spell: Mephitic Cloud
   847 | D:2      | Noticed Jessica
   866 | D:2      | Found an opulent altar of Gozag.
   890 | D:2      | Reached skill level 5 in Spellcasting
   900 | D:2      | Noticed Terence
   933 | D:2      | Slain by a worm

Vault maps used:
D:1:      dpeg_arrival_shelter
D:2:      kennysheep_the_goblin_king, lemuel_round_altar, minmay_quantized,
          uniq_jessica, uniq_terence

Skill      XL: |  1  2  3 |
---------------+----------+-----
Spellcasting   | 5 |  5.0
Fighting       | |  4.5
Short Blades   | |  0.7
Long Blades    | |  0.7
Axes           | |  2.6
Maces & Flails | |  0.7
Polearms       | |  0.7
Staves         | |  0.7
Slings         | |  0.7
Bows           | |  0.7
Crossbows      | |  0.7
Throwing       | |  0.7
Armour         | |  0.7
Dodging        | |  0.7
Stealth        | |  2.3
Shields        | |  2.6
Unarmed Combat | |  0.7
Conjurations   | |  0.5
Hexes          | |  0.5
Charms         | |  0.5
Summonings     | |  0.5
Necromancy     | |  5.4
Translocations | |  0.5
Transmutations | |  0.5
Fire Magic     | |  0.5
Ice Magic      | |  0.5
Air Magic      | |  0.5
Earth Magic    | |  0.5
Poison Magic   | |  0.5
Invocations    | |  0.9
Evocations     | |  0.7

Action                   || total
-------------------------++-------
Melee: Dagger            ||    81
       Bite              ||     7
 Cast: Magic Dart        ||    13
       Mephitic Cloud    ||     1
 Stab: Sleeping          ||     4
Armor: Robe              ||    49
Dodge: Dodged            ||    98

Table legend:
 A = Non-vault XP
 B = Vault XP
 C = Vault XP percentage of total XP
 D = Non-vault monster count
 E = Vault monster count
 F = Vault count percentage of total count
                 A         B        C        D         E       F
            +---------+---------+-------+---------+---------+-------
      Total |      49 |       0 |   0.0 |      26 |       0 |   0.0
            +---------+---------+-------+---------+---------+-------
        D:1 |      27 |       0 |   0.0 |      20 |       0 |   0.0
        D:2 |      22 |       0 |   0.0 |       6 |       0 |   0.0
            +---------+---------+-------+---------+---------+-------
